 Dungeon Crawl Stone Soup version 0.18-b1-16-g289874d (webtiles) character file.

121 barb4r1an the Shield-Bearer (level 5, -1/47 HPs)
             Began as a Hill Orc Fighter on May 2, 2016.
             Slain by an ogre
             ... wielding a cursed -1 giant club
              (14 damage)
             ... on level 4 of the Dungeon.
             The game lasted 00:03:21 (2776 turns).

barb4r1an the Shield-Bearer (Hill Orc Fighter)      Turns: 2776, Time: 00:03:22

Health: -1/47      AC:  8    Str: 20    XL:     5   Next: 5%
Magic:  5/5        EV:  7    Int:  8    God:
Gold:   177        SH:  9    Dex: 10    Spells: 0 memorised, 4 levels left

rFire  . . .     SeeInvis .     a - +0 war axe
rCold  . . .     Gourm    .     b - +0 scale mail
rNeg   . . .     Faith    .     c - +0 shield
rPois  .         Spirit   .     (no helmet)
rElec  .         Dismiss  .     (no cloak)
rCorr  .         Reflect  .     r - +1 pair of gloves {archery}
SustAt .         Harm     .     (no boots)
MR     .....                    (no amulet)
Stlth  ..........               (no ring)
                                (no ring)

@: drained, not resistant to hostile enchantments, extremely unstealthy
A: no striking features
a: no special abilities


You were on level 4 of the Dungeon.
You were not hungry.

You visited 1 branch of the dungeon, and saw 4 of its levels.

You collected 177 gold pieces.

Inventory:

Hand Weapons
 a - a +0 war axe (weapon)
Armour
 b - a +0 scale mail (worn)
 c - a +0 shield (worn)
 r - a +1 pair of gloves of archery (worn)
Jewellery
 s - an uncursed ring of wizardry {unknown}
Scrolls
 e - 4 scrolls of identify {unknown}
 i - a scroll of recharging {unknown}
 n - a scroll of random uselessness {unknown}
 t - a scroll of enchant armour {unknown}
Potions
 d - a potion of might
 g - a potion of haste {unknown}
 h - a potion of beneficial mutation {unknown}
 j - a potion of mutation {unknown}
 l - a potion of lignification {unknown}
 m - 2 potions of heal wounds {unknown}
 p - a potion of degeneration {unknown}
 q - a potion of experience {unknown}
 u - a potion of resistance {unknown}
Comestibles
 f - a bread ration
 k - 2 meat rations
 o - a beef jerky


   Skills:
 + Level 4.3(3.7) Fighting
 + Level 3.7(3.1) Axes
 + Level 3.8(3.1) Armour
 - Level 0.8(0.2) Dodging
 - Level 0.3(0.0) Stealth
 + Level 4.4(3.7) Shields


You had 4 spell levels left.
You didn't know any spells.

Dungeon Overview and Level Annotations

Branches:
Dungeon (4/15)
 Temple: D:4-7

Altars:
Dithmenos
Okawaru

Annotations:
D:4 Inkary's ghost, novice DrFi


Message History

There is an escape hatch in the floor here.
You slide downwards.
The hatch slams shut behind you.
Level annotation: Inkary's ghost, novice DrFi An ogre comes into view.
It is wielding a giant club.
The ogre shouts!
Found a black potion.
You barely miss the ogre. The ogre hits you with a giant club!
You slash the ogre!
The ogre is severely wounded.
The ogre barely misses you. The ogre hits you with a giant club!
You hit the ogre but do no damage.
The ogre is severely wounded.
The ogre hits you with a giant club!
* * * LOW HITPOINT WARNING * * *
You are too injured to fight recklessly!
You are too injured to fight recklessly!
You hit the ogre but do no damage.
The ogre is severely wounded.
The ogre hits you with a giant club!
You die...

#.# #.#
#.# #.#
#.# #.#
######.#
#.....@#
#....O##
#.....
#.....
#.....
#......
###.!..
####.


You could see an ogre.

Vanquished Creatures
  2 adders (D:2)
  An ooze (D:1)
  An adder zombie (D:2)
  2 adder skeletons (D:2)
  4 worms
  A dart slug (D:2)
  A giant gecko (D:3)
  2 orcs (D:3)
  2 ball pythons
  8 bats
  3 giant cockroaches (D:1)
  6 hobgoblins
  6 jackals (D:1)
  A giant cockroach zombie (D:2)
  3 giant newts
  13 goblins
  4 kobolds
  11 rats
71 creatures vanquished.

Notes
Turn   | Place    | Note
--------------------------------------------------------------
     0 | D:1      | barb4r1an the Hill Orc Fighter began the quest for the Orb.
     0 | D:1      | Reached XP level 1. HP: 19/19 MP: 1/1
   102 | D:1      | Reached XP level 2. HP: 24/27 MP: 2/2
   266 | D:1      | Reached XP level 3. HP: 26/33 MP: 3/3
   990 | D:2      | Reached XP level 4. HP: 28/40 MP: 4/4
  1355 | D:2      | Found a shadowy altar of Dithmenos.
  1791 | D:2      | Found an iron altar of Okawaru.
  2168 | D:3      | Reached XP level 5. HP: 46/47 MP: 5/5
  2498 | D:4      | Noticed Inkary's ghost (novice DrFi)
  2772 | D:4      | Noticed an ogre
  2776 | D:4      | Slain by an ogre

Skill      XL: |  1  2  3 |
---------------+----------+-----
Fighting       | 4 |  4.3
Axes           | 3 |  3.7
Shields        | 4 |  4.4
Armour         | |  3.8
Dodging        | |  0.8
Stealth        | |  0.3

Action                   |  1- 3 |  4- 6 || total
-------------------------+-------+-------++-------
Melee: War axe           |   130 |   131 ||   261
 Stab: Distracted        |     1 |       ||     1
  Eat: Chunk             |     1 |     3 ||     4
       Bread ration      |       |     1 ||     1
Armor: Scale mail        |    79 |    42 ||   121
Dodge: Dodged            |    55 |    28 ||    83
Block: Shield            |    81 |    77 ||   158
